 Dungeon Crawl Stone Soup version 0.24.0-13-gcf9b3192b9 (webtiles) character file.

Game seed: 14206184649667686379, levelgen mode: classic

30 EnegeticOcto the Digger (level 3, 0/16 HPs)
             Began as a Vine Stalker Earth Elementalist on Nov 9, 2019.
             Slain by an adder (4 damage)
             ... on level 2 of the Dungeon.
             The game lasted 00:01:49 (581 turns).

EnegeticOcto the Digger (VSEE)                       Turns: 581, Time: 00:01:49

Health: 0/16       AC:  2    Str: 15    XL:     3   Next: 20%
Magic:  0/7        EV: 12    Int: 16    God:
Gold:   72         SH:  0    Dex: 12    Spells: 5/6 levels left

rFire    . . .     SeeInvis .   l - +0 spear
rCold    . . .     Gourm    .   (no shield)
rNeg     . . .     Faith    .   c - +0 robe
rPois    .         Spirit   +   (no helmet)
rElec    .         Reflect  .   (no cloak)
rCorr    .         Harm     .   (no gloves)
MR       .....                  (no boots)
Stlth    ++........             (no amulet)
HPRegen  0.05/turn              k - -2 ring of dexterity (curse)
MPRegen  0.10/turn              (no ring)

@: mighty, very slightly contaminated
A: fangs 2, magic shield, antimagic bite, no potion heal 3, rot immunity
a: no special abilities


You were on level 2 of the Dungeon.
You were not hungry.

You visited 1 branch of the dungeon, and saw 2 of its levels.

You collected 72 gold pieces.

Inventory:

Hand Weapons
 l - a +0 spear (weapon)
Missiles
 b - 20 stones (quivered)
Armour
 c - a +0 robe (worn)
Jewellery
 k - a cursed -2 ring of dexterity (left hand)
Scrolls
 f - a scroll of teleportation {unknown}
 h - 2 scrolls of identify {unknown}
Potions
 a - a potion of cancellation {unknown}
 d - a potion of might {@q3 !q}
 g - a potion of flight {unknown}
 i - a potion of mutation {unknown}
 j - 2 potions of curing {unknown}
Comestibles
 e - 5 rations


   Skills:
 - Level 1.5 Dodging
 - Level 2.4 Stealth
 - Level 2.1 Spellcasting
   Level 1.0 Transmutations
 + Level 4.2 Earth Magic


You had 5 spell levels left.
You knew the following spells:

 Your Spells              Type           Power        Failure   Level  Hunger
a - Sandblast             Erth           ###...       3%          1    #......

Your spell library contained the following spells:

 Spells                   Type           Power        Failure   Level  Hunger
 Passwall                 Tmut/Erth      ##......     11%         2    ###....
 Stone Arrow              Conj/Erth      #.....       26%         3    ###....
 Petrify                  Tmut/Erth      ##......     56%         4    #####..
 Lee's Rapid Deconstruct  Erth           ###.......   69%         5    ######.


Dungeon Overview and Level Annotations

Branches:
Dungeon (2/15)

Altars:


Innate Abilities, Weirdness & Mutations

You have extremely sharp teeth.
When hurt, damage is shared between your health and your magic reserves.
Your bite disrupts and absorbs the magic of your enemies.
Potions cannot restore your health.
You are immune to rotting.


Message History

Aim: a jackal The blast of sand hits the jackal!
You kill the jackal!
b - 23 stones The adder hisses angrily.
Casting: Sandblast (safe; 3% risk of failure)
Confirm with . or Enter, or press ? or * to list all spells.
Aiming: Sandblast (safe; 3% risk of failure)
Press: ? - help, Shift-Dir - straight line, f - jackal
Aim: a jackal The blast of sand misses the jackal.
b - 22 stones The jackal closely misses you.
You closely miss the jackal. Your bite misses the jackal.
A bat comes into view.
The jackal closely misses you.
A frilled lizard comes into view.
You hit the jackal. You bite the jackal.
You kill the jackal!
A giant cockroach comes into view.
The jackal closely misses you.
You barely miss the jackal. The jackal completely misses you.
You closely miss the jackal. The jackal barely misses you.
The jackal closely misses you.
You closely miss the jackal. The jackal misses you.
An adder comes into view.
The adder hisses angrily.
You hit the jackal. Your bite misses the jackal.
The jackal is severely wounded.
The jackal closely misses you. The jackal misses you.
You barely miss the jackal. The jackal barely misses you.
The jackal closely misses you.
You hit the jackal.
You kill the jackal!
The bat hits you. The jackal bites you. The bat closely misses you.
The jackal barely misses you.
You barely miss the bat. The bat barely misses you. The jackal bites you.
You closely miss the bat. You bite the bat. You drain its power.
You feel invigorated.
The bat is severely wounded.
The bat barely misses you. The jackal closely misses you.
The jackal misses you.
You hit the bat but do no damage. Your bite misses the bat.
The bat is severely wounded.
The bat hits you but does no damage. x2; The jackal closely misses you.
You completely miss the bat. Your bite misses the bat.
The bat is severely wounded.
The bat misses you. The bat closely misses you. The jackal bites you.
The jackal bites you but does no damage.
The bat closely misses you.
You barely miss the bat.
The bat is severely wounded.
The bat closely misses you. x2; The jackal bites you.
The frilled lizard unfolds its giant frill.
You hit the bat but do no damage. You bite the bat.
You kill the bat!
The jackal bites you but does no damage.
The jackal closely misses you. The adder barely misses you.
Casting: Sandblast (safe; 3% risk of failure)
Confirm with . or Enter, or press ? or * to list all spells.
Aiming: Sandblast (safe; 3% risk of failure)
Press: ? - help, Shift-Dir - straight line, f - adder
Aim: an adder The blast of sand hits the adder.
The adder is heavily wounded.
b - 21 stones The jackal misses you.
The adder completely misses you.
Casting: Sandblast (safe; 3% risk of failure)
Confirm with . or Enter, or press ? or * to list all spells.
Aiming: Sandblast (safe; 3% risk of failure)
Press: ? - help, Shift-Dir - straight line, f/p - adder
Aim: an adder (heavily wounded)
The blast of sand hits the adder.
The adder is heavily wounded.
b - 20 stones The jackal completely misses you.
The adder barely misses you.
The jackal bites you but does no damage.
Casting: Sandblast (safe; 3% risk of failure)
Confirm with . or Enter, or press ? or * to list all spells.
Aiming: Sandblast (safe; 3% risk of failure)
Press: ? - help, Shift-Dir - straight line, f/p - adder
Aim: an adder (heavily wounded)
You miscast Sandblast.
You are very lightly contaminated with residual magic.
The floor shifts beneath you alarmingly!
The adder bites you. The jackal bites you.
Casting: Sandblast (safe; 3% risk of failure)
Confirm with . or Enter, or press ? or * to list all spells.
You don't have enough magic to cast that spell.
Unknown command.
The jackal bites you but does no damage.
The jackal bites you but does no damage.
The adder bites you.
* * * LOW HITPOINT WARNING * * *
It was a potion of might.
You feel very mighty all of a sudden. The adder barely misses you.
The jackal bites you but does no damage.
The adder bites you.
You die...

#.....#........
#...... !......
#.....##.......
#....#...#
##########....#†###
............l..#
#............##
#.......SS...#
#.......@h...#
#............#
####.<......##
##......## ########


You could see 2 adders, a jackal and a frilled lizard.

Vanquished Creatures
  A worm (D:2)
  2 dart slugs
  6 bats
  2 goblins (D:1)
  A hobgoblin (D:1)
  3 jackals (D:2)
  2 frilled lizards
  2 kobolds (D:1)
  5 rats (D:1)
24 creatures vanquished.

Notes
Turn   | Place    | Note
-------+----------+-------------------------------------------
     0 | D:1      | EnegeticOcto the Vine Stalker Earth Elementalist began the
                  | quest for the Orb.
     0 | D:1      | Reached XP level 1. HP: 9/9 MP: 4/4
   231 | D:1      | Reached XP level 2. HP: 13/13 MP: 3/6
   546 | D:2      | Reached skill level 4 in Earth Magic
   556 | D:2      | Reached XP level 3. HP: 16/16 MP: 5/7
   581 | D:2      | Slain by an adder

Levels and vault maps discovered:
D:1:      lemuel_arrival_broad_hall, layout_basic
D:2:      minmay_chambers_of_twos, layout_rooms,
          nicolae_qazlal_general_emergency

Skill      XL: |  1  2 |
---------------+-------+-----
Earth Magic    | 4 |  4.2
Dodging        | |  1.5
Stealth        | |  2.4
Spellcasting   | |  2.1
Transmutations | |  1.0

Action                   || total
-------------------------++-------
Melee: Unarmed           ||    22
       Spear             ||    24
       Bite              ||    10
 Cast: Sandblast         ||    21
  Use: Potion            ||     1
 Stab: Sleeping          ||     1
Armor: Robe              ||    26
Dodge: Dodged            ||    62
